 Dungeon Crawl Stone Soup version 0.28-a0-1524-ge72afd5fc6 (webtiles) character file.

Game seed: 12559367392102171858

1437 porpoise the Skirmisher (level 9, -3/67 HPs)
             Began as a Djinni Hedge Wizard on Jan 18, 2022.
             Was an Initiate of Ashenzari.
             Slain by a wight (4 damage)
             ... on level 7 of the Dungeon.
             The game lasted 00:26:58 (9041 turns).

porpoise the Skirmisher (Djinni Hedge Wizard)       Turns: 9041, Time: 00:26:59

Health: -3/67      AC:  4    Str: 17    XL:     9   Next: 3%
Gold:   332        EV: 12    Int: 19    God:    Ashenzari [......] SH:  0 Dex: 12

rFire   + + .      SeeInvis .   a - +3 dagger (drain)
rCold   x . .      Faith    .   (no shield)
rNeg    . . .      Spirit   .   e - +0 robe
rPois   ∞          Reflect  .   j - +0 helmet
rElec   .          Harm     .   q - +0 cloak "Ruined Adversity" {Evo, Cun} (curse)
rCorr   .          Rampage  .   (no gloves)
Will    .....                   (boots unavailable)
Stlth   +++.......              (no amulet)
HPRegen 0.21/turn               z - +6 ring of strength
MPRegen 0.00/turn               (no ring)

@: flying
A: sickness immunity, fire resistance 2, cold vulnerability 1, float, innate
caster, hp casting, extra vitality 1
a: Renounce Religion, Shatter the Chains


You were on level 7 of the Dungeon.
You worshipped Ashenzari.
Ashenzari was noncommittal.
You visited 2 branches of the dungeon, and saw 8 of its levels.

You collected 332 gold pieces.

Inventory:

Hand Weapons
 a - a +3 dagger of draining (weapon)
 b - a +0 hunting sling
 c - the +4 whip of Butchery {vorpal, rPois Stlth+}
   (You took it off a goblin on level 2 of the Dungeon)

   It inflicts extra damage upon your enemies.
   rPois:     It protects you from poison.
   Stlth:     It makes you more stealthy.
 k - a +2 short sword of speed
 w - a +3 dagger
Missiles
 i - 68 arrows
 l - 86 stones
 m - 12 bolts
 r - 2 boomerangs
 s - 4 poisoned darts
 v - 5 javelins
 y - 39 sling bullets
Armour
 e - a +0 robe (worn)
 j - a +0 helmet (worn)
 q - the cursed +0 cloak "Ruined Adversity" (worn) {Evo, Cun}
   (You found it on level 3 of the Dungeon)

   It has a curse which improves the following skills: Evocations: Evocations.
   Cunning:   Dodging and Stealth.
 A - an orb of wrath
Jewellery
 z - a +6 ring of strength (left hand)
Scrolls
 g - a scroll of blinking
 p - a scroll of fog
 x - a scroll of magic mapping
Potions
 d - 2 potions of brilliance
 f - a potion of cancellation
 h - 3 potions of curing
 n - a potion of invisibility {unknown}
 o - a potion of magic {unknown}
 t - 2 potions of resistance {unknown}
 u - 2 potions of lignification {unknown}
 B - a potion of attraction {unknown}


   Skills:
 * Level 6.4 Fighting
 - Level 2.2(2.6) Dodging
 + Level 4.5(4.9) Stealth
 * Level 5.6 Spellcasting


You couldn't memorise any spells.
You knew the following spells:

 Your Spells              Type           Power      Damage    Failure   Level
a - Magic Dart            Conj           100%       1d8       1%          1
b - Beastly Appendage     Tmut           52%        N/A       1%          1
c - Conjure Flame         Conj/Fire      26%        6-21      3%          3
d - Gell's Gravitas       Tloc           26%        N/A       3%          3
i - Call Imp              Summ           26%        N/A       1%          2
k - Blink                 Tloc           52%        N/A       1%          2
m - Mephitic Cloud        Conj/Pois/Air  26%        N/A       3%          3
r - Scorch                Fire           52%        2d8       1%          2
s - Slow                  Hex            100%       N/A       1%          1
v - Poisonous Vapours     Pois/Air       52%        N/A       1%          2
Your spell library was empty.

Dungeon Overview and Level Annotations

Branches:
Dungeon (7/15)             Temple (1/1) D:4

Altars:
Ashenzari
Elyvilon
Fedhas
Gozag
Kikubaaqudgha
Okawaru
Qazlal
Ru
Sif Muna
Vehumet
Wu Jian
Xom
The Shining One

Shops:
D:3 (


Innate Abilities, Weirdness & Mutations

You are immune to sickness and miasma.
You are immune to poison.
Your flesh is very heat resistant. (rF++)
You are vulnerable to cold. (rC-)
You float through the air rather than walking.
You learn spells naturally, not from books.
Your magical power is your life essence.
You have superior vitality. (+4 MHP)


Message History

The wight hits you from afar with a +3 vorpal spear!
The ufetubus barely misses you. The ufetubus misses you.
You are too injured to fight recklessly!
You are too injured to fight recklessly!
Unknown command.
Casting: Mephitic Cloud (dangerous; 3% risk of failure)
Confirm with . or Enter, or press ? or * to list all spells.
Aiming: Mephitic Cloud (dangerous; 3% risk of failure)
Press: ? - help, Shift-Dir - straight line, f - ufetubus
Aim: an ufetubus (moderately wounded, chance to affect: 96%)
The ball explodes into a vile cloud!
The stinking cloud engulfs the ufetubus but does no damage.
The ufetubus is moderately wounded.
The stinking cloud engulfs you but does no damage.
The stinking cloud engulfs the wight but does no damage.
The stinking cloud engulfs the gnoll but does no damage.
The ufetubus is engulfed in noxious fumes.
The ufetubus hits you. The ufetubus barely misses you.
The wight hits you from afar with a +3 vorpal spear!
* * * LOW HITPOINT WARNING * * *
x2 You are too injured to fight recklessly!
You are too injured to fight recklessly!
You closely miss the ufetubus.
The ufetubus is moderately wounded.
The ufetubus is engulfed in noxious fumes.
The ufetubus appears confused.
The ufetubus barely misses the wight.
The ufetubus hits the wight.
The ufetubus barely misses itself.
The ufetubus hits itself but does no damage.
The wight hits you from afar with a +3 vorpal spear!
* * * LOW HITPOINT WARNING * * *
x2 The gnoll screams, "I'll kill you anyway!"
You hit the ufetubus.
The ufetubus is heavily wounded.
The gnoll seems less confused.
The ufetubus is engulfed in noxious fumes.
The ufetubus appears confused.
The ufetubus hits the wight but does no damage.
The ufetubus closely misses the wight.
The wight hits you from afar with a +3 vorpal spear.
You die...

................
......!.....g... .....
#...D...<..
#...##..........
##..............#
........§§.g....#
.##..##.........
#.#.##.D...##
#..#.@5zz....## ###
###..###......# #.##
########.....#... ...#
##.............#.
..>##
#....#.....###..#
....# #....#.....# ###
###.#########....##..#
##..≈≈§≈≈§.#######..#
#.§....§≈§# #...


You could see a steam dragon, 2 wights, a gnoll and an ufetubus (confused).

Vanquished Creatures
  Sigmund (D:6)
  2 black bears
  An orc warrior (D:6)
  An ogre (D:4)
  A gnoll sergeant (D:7)
  A bullfrog (D:6)
  A bullfrog zombie (D:5)
  3 hounds
  A jelly (D:4)
  A bullfrog skeleton (D:6)
  A gnoll shaman (D:6)
  3 orc priests
  2 iguanas
  8 orc wizards
  3 gnolls (D:6)
  2 adders
  A shadow imp (D:5)
  A worm (D:3)
  3 dart slugs
  21 orcs
  7 ball pythons
  5 endoplasms
  2 giant cockroaches
  9 goblins
  5 hobgoblins
  9 jackals
  6 quokkas
  4 bats
  10 frilled lizards
  3 kobolds
  6 rats
124 creatures vanquished.

Vanquished Creatures (collateral kills)
  A centaur zombie (D:5)
  An iguana (D:5)
  A hound skeleton (D:4)
  A giant cockroach (D:1)
4 creatures vanquished.

Vanquished Creatures (others)
  8 plants (D:2)
8 creatures vanquished.

Grand Total: 136 creatures vanquished

Notes
Turn   | Place    | Note
-------+----------+-------------------------------------------
     0 | D:1      | porpoise the Djinni Hedge Wizard began the quest for the
                  | Orb.
     0 | D:1      | Reached XP level 1. HP: 15/15 MP: 0/0
   232 | D:1      | Reached XP level 2. HP: 17/22 MP: 0/0
   537 | D:1      | Reached skill level 1 in Fighting
   784 | D:1      | Reached XP level 3. HP: 19/27 MP: 0/0
   784 | D:1      | Learned a level 1 spell: Beastly Appendage
   895 | D:1      | Found a faded altar of an unknown god.
  1749 | D:2      | Identified the +4 whip of Butchery {vorpal, rPois Stlth+}
  2421 | D:3      | Reached XP level 4. HP: 30/33 MP: 0/0
  2571 | D:3      | Reached skill level 2 in Fighting
  3392 | D:3      | Reached XP level 5. HP: 31/38 MP: 0/0
  3392 | D:3      | Learned a level 2 spell: Poisonous Vapours
  3692 | D:3      | Found Huiwkati's Antique Weapon Shop.
  4529 | D:4      | Reached skill level 3 in Fighting
  4529 | D:4      | Reached XP level 6. HP: 41/46 MP: 0/0
  5012 | D:4      | Found a staircase to the Ecumenical Temple.
  5033 | Temple   | Entered the Ecumenical Temple
  5063 | Temple   | Became a worshipper of Ashenzari the Shackled
  5247 | D:4      | Noticed a black bear
  5259 | D:4      | Killed a black bear
  5652 | D:4      | Noticed an ogre
  5668 | D:4      | Killed an ogre
  5669 | D:4      | Reached skill level 4 in Fighting
  5669 | D:4      | Reached XP level 7. HP: 19/52 MP: 0/0
  5669 | D:4      | Learned a level 2 spell: Scorch
  6276 | D:5      | Entered Level 5 of the Dungeon
  7054 | D:5      | Reached XP level 8. HP: 46/58 MP: 0/0
  7069 | D:5      | Reached skill level 5 in Fighting
  7813 | D:6      | Noticed Sigmund
  7823 | D:6      | Killed Sigmund
  7824 | D:6      | Reached skill level 5 in Spellcasting
  7972 | D:6      | Found a shimmering altar of Xom.
  7980 | D:6      | Found a shimmering altar of Xom.
  7980 | D:6      | Found a white marble altar of Elyvilon.
  7983 | D:6      | Found a bloodstained altar of Trog.
  7983 | D:6      | Found a burning altar of Makhleb.
  7983 | D:6      | Found a stormy altar of Qazlal.
  8395 | D:6      | Reached skill level 6 in Fighting
  8971 | D:7      | Found a blossoming altar of Fedhas.
  9035 | D:7      | Reached XP level 9. HP: 61/67 MP: 0/0
  9035 | D:7      | Learned a level 3 spell: Gell's Gravitas
  9040 | D:7      | HP: 3/67 [wight (11)]
  9040 | D:7      | HP: 1/67 [wight (2)]
  9041 | D:7      | Slain by a wight

Illustrated notes

Levels and vault maps discovered:
D:1:      lightli_arrival_maybe_door_vault, layout_rooms,
          shapermc_ecumenical_altar_gd
D:2:      layout_rooms, minmay_lizard_king
D:3:      layout_basic, serial_shops, shop, dk_vineyard_1,
          minmay_stone_trees_large
D:4:      layout_basic, temple_green
D:5:      layout_basic, minmay_a_box_with_orc_wizards_in_it
D:6:      layout_basic, doesnt_xom_only_xom, minmay_misc_feat_encased,
          uniq_sigmund
D:7:      layout_layer_cave, grunt_temple_overflow_open,
          mainiacjoe_overflow_paths
Temple:   regret_index_temple_mists

Skill      XL: |  1  2  3  4  5  6  7  8 |
---------------+-------------------------+-----
Fighting       | 1 2 3 4 6 |  6.4
Stealth        | 2 3 4 |  4.5
Spellcasting   | 3 4 5 |  5.6
Dodging        | |  2.2

Action                   |  1- 3 |  4- 6 |  7- 9 || total
-------------------------+-------+-------+-------++-------
Melee: Dagger            |    21 |   104 |   157 ||   282
       Punch             |     1 |       |     1 ||     2
       Headbutt          |       |       |     1 ||     1
 Fire: Hunting sling     |       |    10 |     5 ||    15
 Cast: Magic Dart        |    85 |    19 |     6 ||   110
       Call Imp          |     1 |     1 |     1 ||     3
       Beastly Appendage |     2 |     2 |     3 ||     7
       Mephitic Cloud    |     1 |     3 |    10 ||    14
       Conjure Flame     |       |     5 |     1 ||     6
       Poisonous Vapours |       |     1 |    14 ||    15
       Scorch            |       |       |    11 ||    11
Invok: Curse Item        |       |       |     1 ||     1
  Use: Scroll            |       |    11 |     2 ||    13
 Stab: Confused          |     1 |     3 |     9 ||    13
       Sleeping          |       |     2 |     1 ||     3
Armor: Robe              |    11 |    26 |    32 ||    69
Dodge: Dodged            |    22 |    73 |    87 ||   182

Table legend: (Time is in decaauts)
 A = Elapsed time spent in this place.
 B = Non-inter-level travel time spent in this place.
 C = Inter-level travel time spent in this place.
 D = Time resting spent in this place.
 E = Time spent auto-exploring this place.
 F = Levels seen in this place.
 G = Mean time per level.
                   A        B        C        D        E       F      G
               +--------+--------+--------+--------+--------+-----+--------+
         Total |   9040 |   8620 |    420 |   3863 |   3622 |   8 | 1130.0 |
       Dungeon |   8990 |   8590 |    400 |   3863 |   3605 |   7 | 1284.3 |
        Temple |     50 |     30 |     20 |      0 |     17 |   1 |   50.0 |
               +--------+--------+--------+--------+--------+-----+--------+

Top non-repeatable levels by time:
     D:3: 1899 daAuts
     D:4: 1690 daAuts
     D:6: 1627 daAuts
     D:1: 1373 daAuts
     D:2: 1262 daAuts
     D:5: 992 daAuts
     D:7: 143 daAuts
  Temple: 50 daAuts
